 Dungeon Crawl Stone Soup version 0.27-a0-1280-g9d2d252d84 (webtiles) character file.

Game seed: 9061576930010755669

225 Deividuxc the Insei (level 6, 0/43 HPs)
             Began as a Djinni Transmuter on June 13, 2021.
             Slain by an orc (8 damage)
             ... on level 3 of the Dungeon.
             The game lasted 00:16:03 (4276 turns).

Deividuxc the Insei (Djinni Transmuter)             Turns: 4276, Time: 00:16:04

Health: 0/43       AC:  2    Str: 15    XL:     6   Next: 21%
Gold:   143        EV: 13    Int: 17    God:
                   SH:  0    Dex: 13

rFire    + + .     SeeInvis .   f - +1 short sword (spect)
rCold    x . .     Faith    .   (no shield)
rNeg     . . .     Spirit   .   a - +0 robe
rPois    ∞         Reflect  .   (no helmet)
rElec    .         Harm     .   (no cloak)
rCorr    .         Rampage  .   (no gloves)
Will     .....                  (boots unavailable)
Stlth    ++........             (no amulet)
HPRegen  0.14/turn              g - +6 ring of strength
MPRegen  0.00/turn              (no ring)

@: flying
A: sickness immunity, fire resistance 2, cold vulnerability 1, float, innate
caster, hp casting, extra vitality 1
a: no special abilities


You were on level 3 of the Dungeon.
You visited 1 branch of the dungeon, and saw 3 of its levels.

You collected 143 gold pieces.

Inventory:

Hand Weapons
 f - a +1 spectral short sword (weapon)
Armour
 a - a +0 robe (worn)
Magical Staves
 j - a staff of air
Jewellery
 g - a +6 ring of strength (left hand)
Scrolls
 h - 3 scrolls of immolation {unknown}
 i - a scroll of identify
 k - a scroll of teleportation
 m - a scroll of fear {unknown}
Potions
 b - a potion of might {unknown}
 c - 2 potions of lignification {unknown}
 d - a potion of curing
 e - a potion of resistance {unknown}


   Skills:
 + Level 1.8 Fighting
 + Level 2.1 Short Blades
 + Level 3.2 Dodging
 + Level 1.2 Stealth
 + Level 3.8 Unarmed Combat
 + Level 2.6 Spellcasting


You couldn't memorise any spells.
You knew the following spells:

 Your Spells              Type           Power      Damage    Failure   Level
a - Beastly Appendage     Tmut           22%        N/A       6%          1
b - Wereblood             Tmut           11%        N/A       10%         2
c - Spider Form           Tmut/Pois      5%         N/A       19%         3
d - Ice Form              Ice/Tmut       11%        N/A       52%         4
e - Summon Small Mammal   Summ           44%        N/A       6%          1
f - Slow                  Hex            11%        N/A       10%         2
Your spell library was empty.

Dungeon Overview and Level Annotations

Branches:
Dungeon (3/15)

Altars:
The Shining One


Innate Abilities, Weirdness & Mutations

You are immune to sickness and miasma.
You are immune to poison.
Your flesh is very heat resistant. (rF++)
You are vulnerable to cold. (rC-)
You float through the air rather than walking.
You learn spells naturally, not from books.
Your magical power is your life essence.
You have superior vitality. (+4 HP)


Message History

The orc hits you with a +0 falchion. Something barely misses you.
Something hits you.
You hit something.
Your spectral +1 spectral short sword hits something!
The orc closely misses you.
You hear some strange, mumbled words.
A magic dart appears from out of thin air!
The magic dart hits you. Something hits you.
You hit something.
Your spectral +1 spectral short sword closely misses something.
The orc barely misses you. Something hits you. x2
You hit something.
Your spectral +1 spectral short sword barely misses something.
Your spectral +1 spectral short sword fades away.
The orc hits you with a +0 falchion. Something hits you but does no damage.
You hear some strange, mumbled words.
A puff of flame appears from out of thin air!
The puff of flame hits you. You resist.
You hit something but do no damage.
Your spectral +1 spectral short sword hits something.
Reactivating autopickup.
You feel a bit more experienced. The orc hits you with a +0 falchion.
* * * LOW HITPOINT WARNING * * *
Your Short Blades skill increases to level 2!
You closely miss the orc.
The orc is moderately wounded.
Your spectral +1 spectral short sword barely misses the orc.
The orc hits you with a +0 falchion.
* * * LOW HITPOINT WARNING * * *
The orc misses your spectral +1 spectral short sword.
Something hits you but does no damage.
Deactivating autopickup; reactivate with Ctrl-A.
You closely miss the orc.
The orc is moderately wounded.
Your spectral +1 spectral short sword hits the orc.
You kill the orc!
The orc barely misses your spectral +1 spectral short sword.
Something hits you but does no damage.
You swap places.
The orc hits you with a +0 flail!
You die...

... #.#..##### .........#
.#.#.....# ........# ######
#.#......###......
..............)...
#.....)...)..)....
######.o@§....... ##.#########
#.#
###############.#################
..[....................>.........
################.#.##############
#...# ##..# ####..#


You could see an orc.

Vanquished Creatures
  An orc wizard (D:3)
  12 gnolls (D:2)
  An adder (D:3)
  A worm (D:2)
  A dart slug (D:2)
  2 orcs (D:3)
  6 ball pythons
  3 bats (D:1)
  5 endoplasms
  6 goblins
  10 hobgoblins
  10 jackals
  3 kobolds
  2 quokkas
  3 frilled lizards (D:3)
  4 rats
70 creatures vanquished.

Vanquished Creatures (collateral kills)
  A goblin (D:1)
1 creature vanquished.

Grand Total: 71 creatures vanquished

Notes
Turn   | Place    | Note
-------+----------+-------------------------------------------
     0 | D:1      | Deividuxc the Djinni Transmuter began the quest for the
                  | Orb.
     0 | D:1      | Reached XP level 1. HP: 17/17 MP: 0/0
   534 | D:1      | Reached XP level 2. HP: 11/22 MP: 0/0
  1517 | D:1      | Reached XP level 3. HP: 20/27 MP: 0/0
  1517 | D:1      | Learned a level 1 spell: Summon Small Mammal
  2269 | D:2      | Reached XP level 4. HP: 31/32 MP: 0/0
  2622 | D:2      | Found a glowing golden altar of the Shining One.
  2687 | D:2      | Reached skill level 1 in Short Blades
  2687 | D:2      | Reached XP level 5. HP: 18/37 MP: 0/0
  2687 | D:2      | Learned a level 2 spell: Slow
  3365 | D:2      | Reached skill level 1 in Stealth
  3616 | D:2      | Found a faded altar of an unknown god.
  4017 | D:3      | Reached XP level 6. HP: 42/42 MP: 0/0
  4276 | D:3      | Slain by an orc

Illustrated notes

Levels and vault maps discovered:
D:1:      ncdulo_watergridlock, layout_loops_cross
D:2:      layout_basic, basic_altar, hellmonk_ecumenical_altar_leap_of_faith,
          minmay_fountain_box, minmay_tromino_v4_c
D:3:      layout_basic, hex_tiny

Skill      XL: |  1  2  3  4  5  6 |
---------------+-------------------+-----
Spellcasting   | 2 |  2.6
Short Blades   | 1 2 |  2.1
Dodging        | 3 |  3.2
Stealth        | 1 |  1.2
Fighting       | |  1.8
Unarmed Combat | |  3.8

Action                   |  1- 3 |  4- 6 || total
-------------------------+-------+-------++-------
Melee: Unarmed           |    39 |       ||    39
       Headbutt          |     5 |     1 ||     6
       Punch             |     2 |     4 ||     6
       Short sword       |    34 |    86 ||   120
 Cast: Beastly Appendage |    10 |     1 ||    11
       Summon Small Mamm |    14 |    11 ||    25
       Wereblood         |     1 |       ||     1
       Slow              |       |     1 ||     1
  Use: Scroll            |     3 |     2 ||     5
 Stab: Sleeping          |     1 |     4 ||     5
Armor: Robe              |    26 |    10 ||    36
Dodge: Dodged            |    69 |    53 ||   122

Table legend: (Time is in decaauts)
 A = Elapsed time spent in this place.
 B = Non-inter-level travel time spent in this place.
 C = Inter-level travel time spent in this place.
 D = Time resting spent in this place.
 E = Time spent auto-exploring this place.
 F = Levels seen in this place.
 G = Mean time per level.
                   A        B        C        D        E       F      G
               +--------+--------+--------+--------+--------+-----+--------+
         Total |   4279 |   4204 |     75 |   1786 |   1654 |   3 | 1426.3 |
       Dungeon |   4279 |   4204 |     75 |   1786 |   1654 |   3 | 1426.3 |
               +--------+--------+--------+--------+--------+-----+--------+

Top non-repeatable levels by time:
     D:1: 2474 daAuts
     D:2: 1371 daAuts
     D:3: 433 daAuts
